 Dungeon Crawl Stone Soup version 0.19.1 (webtiles) character file.

3245 markt42 the Basher (level 9, -4/54 HPs)
             Began as a Gargoyle Fighter on Dec 19, 2016.
             Was a Priest of Okawaru.
             Killed by the air
             ... invoked by Gastronok
              (28 damage)
             ... on level 8 of the Dungeon.
             The game lasted 00:10:12 (7460 turns).

markt42 the Basher (Gargoyle Fighter)               Turns: 7460, Time: 00:10:12

Health: -4/54      AC: 16    Str: 25    XL:     9   Next: 99%
Magic:  9/9        EV:  6    Int: 11    God:    Okawaru [***...]
Gold:   525        SH:  0    Dex: 10    Spells: 0 memorised, 8 levels left

rFire  . . .     SeeInvis .     N - +2 flail (protect)
rCold  + . .     Gourm    .     H - +0 chain mail
rNeg   + . .     Faith    .     r - +0 large shield
rPois  ∞         Spirit   .     (helmet restricted)
rElec  +         Reflect  +     s - +1 cloak
rCorr  .         Harm     .     (no gloves)
MR     .....     Rnd*Rage +     O - +2 pair of boots
Stlth  ..........               m - +5 amulet of reflection
                                b - +3 ring of strength
                                z - ring of protection from cold

@: confused, slowed, very slow
A: horns 1, berserk 1, clever 1, deformed body, negative energy resistance 1,
sense surroundings 1, electricity resistance, unbreathing, petrification
resistance, rot immunity, AC +5
a: Heroism, Renounce Religion


You were on level 8 of the Dungeon.
You worshipped Okawaru.
Okawaru was most pleased with you.
You were not hungry.

You visited 2 branches of the dungeon, and saw 9 of its levels.

You collected 525 gold pieces.

Inventory:

Hand Weapons
 N - a +2 flail of protection (weapon)
Armour
 r - a +0 large shield (worn)
 s - a +1 cloak (worn)
 w - a +1 helmet
 H - a +0 chain mail (worn)
 O - a +2 pair of boots (worn)
Jewellery
 b - a +3 ring of strength (right hand)
 m - a +5 amulet of reflection (around neck)
 z - a ring of protection from cold (left hand)
 M - an uncursed ring of protection from cold
Wands
 a - a wand of iceblast (11/15)
 c - a wand of polymorph (14/24)
 q - a wand of iceblast (15/15)
 I - a wand of digging (10/24)
 J - a wand of digging (6/24)
Scrolls
 e - 2 scrolls of remove curse
 g - a scroll of enchant weapon
 h - a scroll of enchant armour
 j - a scroll of magic mapping
 k - a scroll of teleportation
 o - 6 scrolls of identify
 u - 3 scrolls of random uselessness
 A - 3 scrolls of fear
 B - a scroll of amnesia
 L - 2 scrolls of noise
Potions
 d - 2 potions of lignification
 n - 2 potions of degeneration
 p - a potion of flight {unknown}
 C - 3 potions of curing
Comestibles
 f - 3 bread rations
 i - 2 meat rations
 l - a beef jerky
 E - 3 fruits


   Skills:
 + Level 5.2 Fighting
 * Level 9.8 Maces & Flails
 + Level 5.1 Armour
 + Level 2.1 Dodging
 + Level 9.1 Shields


You had 8 spell levels left.
You didn't know any spells.

Dungeon Overview and Level Annotations

Branches:
Dungeon (8/15)             Temple (1/1) D:5
   Lair: D:8-11

Altars:
Ashenzari
Cheibriados
Elyvilon
Fedhas
Gozag
Hepliaklqana
Kikubaaqudgha
Makhleb
Nemelex Xobeh
Okawaru
Qazlal
Ru
Trog
Uskayaw
Xom
Yredelemnul
Zin
The Shining One

Shops:
D:5 ?   D:6 :*

Annotations:
D:8 Erica, Gastronok, Maurice


Innate Abilities, Weirdness & Mutations

You are resistant to torment.
Your stone body is resilient. (AC +5)
You are immune to poison.
You resist negative energy. (rN+)
You are resistant to electric shocks. (rElec)
You can survive without breathing.
You are immune to petrification.
You are immune to rotting.
You have a pair of small horns on your head.
You tend to lose your temper in combat.
Your mind is acute. (Int +2)
Armour fits poorly on your strangely shaped body.
You passively map a small area around you.


Message History

Found 20 gold pieces.
You closely miss the quokka.
The quokka bites you but does no damage.
Maurice shouts, "HAHA!"
The quokka completely misses you.
The quokka bites you but does no damage.
You hear some strange, mumbled words.
A bolt of poison appears from out of thin air!
The bolt of poison hits you! You resist.
Maurice gestures wildly while chanting.
Maurice flickers and vanishes!
The quokka bites you but does no damage.
Something hits you but does no damage.
The quokka bites you but does no damage.
The quokka completely misses you.
The quokka bites you but does no damage.
Gastronok waves his eye-stalks in wide circles.
The air twists around and strikes you!
Ouch! That really hurt!
You die...

#.####### , , #.#######.
#.######### ..........,
,.$.........# ........).
,...........# ..........
..........## ,
.>........, , ...........
,
.###############........#
,
.#≈≈≈≈≈≈≈≈≈≈≈≈≈#...?....#
*
.#≈≈≈≈.....≈≈≈≈#@r......#
.#≈≈≈.......≈≈≈#.r......#
, ,
.#≈≈....#....≈≈#........#
.#≈...##.##...≈#........#
.#≈...#...#...≈#........#
.'...#..#..#...'.w......#
,
.#≈...#...#...≈#........#
,
.#≈.†.##.##...≈#†.......#
.#≈≈...)#....≈≈#(.......#


You could see Gastronok and 2 quokkas.

Vanquished Creatures
  A steam dragon (D:5)
  Eustachio (D:4)
  2 water moccasins (D:6)
  Duvessa (D:6)
  2 phantoms (D:4)
  2 orc warriors
  2 ice beasts (D:6)
  2 sky beasts
  2 ogres
  The ghost of Haldmier the Ruffian, an amateur DrTm (D:3)
  A centaur (D:5)
  3 bullfrogs
  Dowan (D:6)
  2 scorpions
  A howler monkey (D:6)
  An electric eel (D:8)
  2 crimson imps
  A gnoll shaman (D:6)
  A jelly (D:5)
  A bullfrog skeleton (D:8)
  A bullfrog zombie (D:4)
  2 orc priests
  Crazy Yiuf (D:2)
  3 hounds
  3 centaur skeletons
  An iguana (D:7)
  Ijyb (D:2)
  Natasha (thrice) (D:2)
  2 orc wizards
  7 worker ants
  A hound zombie (D:5)
  A worker ant zombie (D:5)
  Robin (D:3)
  8 gnolls
  7 adders
  2 shadow imps
  2 oozes
  6 adder skeletons
  4 worms
  5 dart slugs
  7 leopard geckos
  18 orcs
  6 giant cockroaches
  19 goblins
  11 hobgoblins
  10 jackals
  4 kobolds
  4 quokkas
  5 ball pythons
  A ball python skeleton (D:4)
  8 bats
  4 frilled lizards
  2 jackal skeletons
  A leopard gecko skeleton (D:7)
  A quokka skeleton (D:5)
  9 rats
201 creatures vanquished.

Vanquished Creatures (others)
  A fungus (D:1)
1 creature vanquished.

Grand Total: 202 creatures vanquished

Notes
Turn   | Place    | Note
-------+----------+-------------------------------------------
     0 | D:1      | markt42 the Gargoyle Fighter began the quest for the Orb.
     0 | D:1      | Reached XP level 1. HP: 14/14 MP: 1/1
   212 | D:1      | Reached XP level 2. HP: 17/19 MP: 2/2
   799 | D:1      | Reached XP level 3. HP: 23/23 MP: 3/3
   995 | D:2      | Noticed Ijyb
  1023 | D:2      | Killed Ijyb
  1023 | D:2      | Reached XP level 4. HP: 20/28 MP: 4/4
  1429 | D:2      | Noticed Natasha
  1449 | D:2      | Killed Natasha
  1449 | D:2      | Reached XP level 5. HP: 11/32 MP: 5/5
  1460 | D:2      | Noticed Natasha
  1484 | D:2      | Killed Natasha
  1957 | D:2      | Found a runed door.
  2013 | D:2      | Noticed Crazy Yiuf
  2022 | D:2      | Killed Crazy Yiuf
  2161 | D:2      | Noticed Natasha
  2176 | D:2      | Killed Natasha
  2511 | D:3      | Reached XP level 6. HP: 31/38 MP: 6/6
  2539 | D:3      | Noticed Robin
  2586 | D:3      | Killed Robin
  3088 | D:3      | Noticed Haldmier's ghost (amateur DrTm)
  3101 | D:3      | Killed Haldmier's ghost
  3101 | D:3      | Reached skill level 5 in Maces & Flails
  3101 | D:3      | Reached skill level 5 in Shields
  3374 | D:4      | Noticed Eustachio
  3423 | D:4      | Reached XP level 7. HP: 28/43 MP: 7/7
  3440 | D:4      | Killed Eustachio
  3440 | D:4      | Reached skill level 1 in Dodging
  3857 | D:4      | Reached XP level 8. HP: 43/48 MP: 6/8
  4522 | D:5      | Entered Level 5 of the Dungeon
  4522 | D:5      | Found a sacrificial altar of Ru.
  4522 | D:5      | Found an ancient bone altar of Kikubaaqudgha.
  4650 | D:5      | Found a staircase to the Ecumenical Temple.
  4710 | D:5      | Found Baappoaxt's Magic Scroll Shop.
  4744 | D:5      | Found a bloodstained altar of Trog.
  4760 | Temple   | Entered the Ecumenical Temple
  4887 | Temple   | Became a worshipper of Warmaster Okawaru
  5459 | D:6      | Reached * piety under Okawaru
  5487 | D:6      | Found Nedoopiz's Needful Niceties.
  5701 | D:6      | Reached XP level 9. HP: 52/52 MP: 9/9
  5719 | D:6      | Noticed Dowan
  5720 | D:6      | Noticed Duvessa
  5750 | D:6      | Killed Duvessa
  5766 | D:6      | Killed Dowan
  5862 | D:6      | Reached ** piety under Okawaru
  6038 | D:6      | You fall through a shaft!
  6196 | D:6      | Reached skill level 5 in Fighting
  6363 | D:6      | Found Kuli's Book Shop.
  6456 | D:6      | Reached skill level 5 in Armour
  6869 | D:7      | Gained mutation: You have a pair of small horns on your head. [potion of mutation]
  6869 | D:7      | Gained mutation: You are clumsy. (Dex -2) [potion of mutation]
  6869 | D:7      | Gained mutation: You passively map a small area around you. [potion of mutation]
  6907 | D:7      | Lost mutation: You are clumsy. (Dex -2) [potion of mutation]
  6907 | D:7      | Gained mutation: Armour fits poorly on your strangely shaped body. [potion of mutation]
  6907 | D:7      | Gained mutation: Your mind is acute. (Int +2) [potion of mutation]
  6908 | D:7      | Gained mutation: You are frail. (-10% HP) [potion of mutation]
  6908 | D:7      | Lost mutation: You are frail. (-10% HP) [potion of mutation]
  6908 | D:7      | Gained mutation: You tend to lose your temper in combat. [potion of mutation]
  6955 | D:7      | Found a snail-covered altar of Cheibriados.
  7334 | D:8      | Reached *** piety under Okawaru
  7424 | D:8      | Noticed Maurice
  7426 | D:8      | Noticed Gastronok
  7426 | D:8      | Noticed Erica
  7460 | D:8      | Killed from afar by Gastronok

Skill      XL: |  1  2  3  4  5  6  7  8  9 |
---------------+----------------------------+-----
Maces & Flails | 3 4 5 6 8 9 |  9.8
Shields        | 4 5 7 9 |  9.1
Fighting       | 4 5 |  5.2
Armour         | 4 5 |  5.1
Dodging        | 1 2 |  2.1

Action                   |  1- 3 |  4- 6 |  7- 9 || total
-------------------------+-------+-------+-------++-------
Melee: Flail             |   115 |   344 |   667 ||  1126
       Headbutt          |       |       |     9 ||     9
  Use: Potion            |       |     3 |    11 ||    14
       Scroll            |       |       |    14 ||    14
  Eat: Chunk             |       |     8 |    13 ||    21
       Bread ration      |       |       |     1 ||     1
Armor: Scale mail        |    87 |   186 |    91 ||   364
       Chain mail        |       |       |   166 ||   166
Dodge: Dodged            |    39 |    70 |    82 ||   191
Block: Shield            |    75 |    17 |       ||    92
       Large shield      |       |   290 |   628 ||   918
       Reflection        |       |       |     4 ||     4
